Map: Hardwire LE

Players

Moleculeman

  • Race: Protoss Protoss
  • League: Gold
  • Spawn Location: 1:00

Warthog - Winner!

  • Race: Terran Terran
  • League: Bronze
  • Spawn Location: 7:00

VOD

Have the link to the VOD?

Description

Time

  • Played on: Oct. 19, 2021, 6 p.m.
  • Length: 10:33
Show
View Real Time Build Order
Export as new Build Order

Moleculeman Protoss 

Build Orders:  

Get SALT Encoding   

  12  0:14  Pylon  
  12  0:35  Forge  
  12  0:41  Gateway  
  12  0:52  Pylon  
  12  1:01  Assimilator  
  12  1:18  Pylon  
  11  1:32  Zealot  
  13  1:34  Probe  
  14  1:48  Assimilator  
  14  1:51  Assimilator  
  14  1:57  Probe  
  14  1:59  Zealot  
  17  2:15  Probe, Pylon  
  18  2:36  Photon Cannon  
  18  2:38  Photon Cannon  
  18  2:42  Zealot  
  20  2:46  Probe  
  21  3:01  Photon Cannon  
  21  3:10  Pylon  
  21  3:16  Probe  
  22  3:20  Zealot  
  24  3:36  Photon Cannon  
  24  3:42  Probe  
  25  3:53  Zealot  
  27  4:02  Gateway  
  27  4:24  Zealot  
  29  4:43  Cybernetics Core  
  29  4:56  Pylon  
  29  5:01  Zealot  
  31  5:09  Photon Cannon  
  31  5:14  Pylon  
  31  5:20  Photon Cannon  
  31  5:28  Stalker  
  33  5:41  Stargate  
  33  5:52  Photon Cannon  
  31  6:07  Photon Cannon  
  31  6:29  Nexus  
  31  6:51  Photon Cannon  
  31  7:02  Void Ray  
  31  7:08  Stalker  
  37  7:38  Stalker  
  37  7:40  Pylon  
  39  7:44  Void Ray  
  39  7:47  Probe  
  37  8:29  Void Ray  
  37  8:32  Stalker  
  43  8:34  Probe  
  43  8:41  Photon Cannon  
  44  8:42  Photon Cannon  
  44  8:59  Probe  
  44  9:02  Stalker  
  47  9:15  Twilight Council  
Show
View Real Time Build Order
Export as new Build Order

Warthog Terran - Winner!

Build Orders:  

Get SALT Encoding   

  12  0:01  SCV  
  13  0:13  SCV  
  14  0:17  Supply Depot  
  14  0:25  SCV  
  15  0:41  SCV  
  16  0:43  Barracks  
  16  0:49  Refinery  
  16  0:54  SCV  
  17  1:06  SCV  
  18  1:18  SCV  
  19  1:31  Marine  
  21  1:35  Orbital Command  
  20  1:44  Supply Depot  
  20  1:49  Marine  
  21  2:15  SCV  
  21  2:18  Barracks Reactor  
  21  2:27  SCV  
  21  2:29  Command Center  
  22  2:41  SCV  
  23  2:52  Barracks  
  23  2:53  SCV  
  23  2:54  Barracks, Marine  
  23  2:55  Marine  
  26  3:10  SCV  
  27  3:21  Marine x2  
  27  3:22  SCV  
  27  3:23  Refinery  
  30  3:38  Marine  
  30  3:41  Marine  
  32  3:44  Barracks Tech Lab x2  
  32  3:52  SCV, Orbital Command  
  33  3:56  Marine  
  33  3:58  Marine  
  35  4:04  SCV  
  35  4:05  Bunker  
  36  4:16  SCV  
  36  4:28  SCV  
  37  4:33  SCV  
  37  4:37  Marauder x2, Marine x2  
  44  4:40  SCV  
  44  4:41  Stimpack, Combat Shield  
  45  4:45  SCV  
  45  4:46  Supply Depot  
  45  4:47  Supply Depot  
  45  4:50  Factory  
  46  5:07  Marine x3  
  46  5:08  SCV x2  
  46  5:10  Supply Depot  
  46  5:12  Supply Depot  
  53  5:14  Marauder  
  53  5:20  SCV x2  
  55  5:25  Marine x2  
  57  5:32  SCV x2  
  57  5:33  Supply Depot  
  59  5:35  Supply Depot  
  59  5:44  SCV, Factory Reactor, Starport  
  59  5:48  SCV  
  63  5:50  Marauder x2, Marine x2  
  63  5:56  SCV  
  67  6:00  SCV  
  68  6:08  SCV  
  71  6:11  Marauder  
  71  6:16  Refinery x2  
  71  6:17  Engineering Bay, SCV  
  72  6:20  SCV, Marauder, Marine x2  
  72  6:24  Supply Depot  
  72  6:25  Supply Depot  
  77  6:29  SCV  
  80  6:33  Marauder  
  80  6:41  Medivac x2  
  84  6:47  Factory Tech Lab  
  84  6:48  Barracks  
  84  6:50  Barracks  
  84  6:53  Terran Infantry Weapons Level 1  
  84  6:58  Marauder x2, Marine x2  
  90  7:03  Concussive Shells  
  90  7:11  Medivac x2  
  90  7:15  Siege Tank  
  97  7:16  Marine x2  
  97  7:18  Supply Depot  
  97  7:20  Marauder x2  
  97  7:22  Supply Depot  
  103  7:34  Marine x2  
  105  7:41  Marauder  
  97  8:43  Marauder x2, Marine x2  
  97  8:46  Barracks Tech Lab  
  97  8:47  Barracks Reactor  
  97  8:48  Siege Tank  
  106  8:49  Medivac x2  
  106  8:51  Supply Depot  
  106  8:52  Supply Depot  
  110  8:57  Armory  
  110  9:01  Marine x2  
  112  9:05  Marauder x2  
  116  9:12  Marine  
  117  9:19  Medivac, Marine x2  
  117  9:20  Siege Tank  
  122  9:26  Marauder x2  
  122  9:30  Marine  
  125  9:37  Marine x2  
  125  9:47  Marine  
  125  9:48  Marine  
  125  9:49  Marine  
  125  9:51  Marine x2  
  125  9:55  Marine x2  
  125  10:05  Marine  
  125  10:06  Marine  
  125  10:07  Marine  
  125  10:09  Marine x2  
  125  10:12  Marine  
  125  10:18  Supply Depot  
  125  10:19  Supply Depot  
  125  10:25  Supply Depot  
Tags
 
Add a new tag
Caveats
  • Supply blocks, unpowered buildings, or Contaminate may cause inaccurate times.
  • Supply counts are checked every 10 seconds.